 Dungeon Crawl Stone Soup version 0.29.1-15-g9cfb28693d (webtiles) character file.

Game seed: 8188291447433028651

47 pecorinoman the Changer (level 3, -1/33 HPs)
             Began as an Ogre Transmuter on Mar 12, 2023.
             Slain by Terence
             ... wielding a +0 flail
              (5 damage)
             ... on level 2 of the Dungeon.
             The game lasted 00:09:03 (1897 turns).

pecorinoman the Changer (Ogre Transmuter)           Turns: 1897, Time: 00:09:04

Health: -1/33      AC:  3    Str: 14    XL:     3   Next: 70%
Magic:  2/6        EV:  9    Int: 16    God:
Gold:   82         SH:  0    Dex:  9    Spells: 0/6 levels left

rFire   . . .      SeeInvis .     - Unarmed
rCold   . . .      Faith    .   (no shield)
rNeg    . . .      Spirit   .   a - +0 robe
rPois   .          Reflect  .   (helmet restricted)
rElec   .          Harm     .   (no cloak)
rCorr   .          Rampage  .   (gloves unavailable)
Will    .....                   (boots unavailable)
Stlth   +.........              (no amulet)
HPRegen 0.11/turn               (no ring)
MPRegen 0.10/turn               (no ring)

@: no status effects
A: large, unfitting armour, tough skin 1
a: no special abilities


You were on level 2 of the Dungeon.
You visited 1 branch of the dungeon, and saw 2 of its levels.

You collected 82 gold pieces.

Inventory:

Armour
 a - a +0 robe (worn)
Scrolls
 b - a scroll of summoning {unknown}
 c - 2 scrolls of teleportation {unknown}
 d - a scroll of blinking {unknown}
 f - a scroll of identify {unknown}
Potions
 e - a potion of flight {unknown}
 g - 3 potions of degeneration {unknown}
 h - a potion of heal wounds {unknown}


   Skills:
 - Level 1.3 Fighting
 - Level 1.7 Dodging
 - Level 2.6 Unarmed Combat
 - Level 2.4 Spellcasting
 + Level 3.3 Transmutations
 + Level 0.0 Air Magic
 + Level 0.9 Poison Magic


You couldn't memorise any spells.
You knew the following spells:

 Your Spells              Type           Power      Damage    Failure   Level
a - Beastly Appendage     Tmut           24%        N/A       4%          1
b - Spider Form           Tmut/Pois      8%         N/A       24%         3
c - Poisonous Vapours     Pois/Air       6%         N/A       24%         2

Your spell library contained the following spells:

 Spells                   Type           Power      Damage    Failure   Level
 Wereblood                Tmut           12%        N/A       8%          2
 Static Discharge         Conj/Air       1%         3-4/arc   30%         2
 Ice Form                 Ice/Tmut       7%         N/A       69%         4
 Corpse Rot               Necr/Pois/Air  2%         N/A       86%         4
 Dispel Undead            Necr           1%         3d6       89%         4
 Sticky Flame             Conj/Fire      1%         2d3       89%         4


Dungeon Overview and Level Annotations

Branches:
Dungeon (2/15)

Altars:

Annotations:
D:2 Terence


Innate Abilities, Weirdness & Mutations

You are too large for most types of armour.
You have tough skin. (AC +1)


Message History

You kill the rat!
Casting: Beastly Appendage (safe; 4% risk of failure)
Confirm with . or Enter, or press ? or * to list all spells.
Aiming: Poisonous Vapours (dangerous; 24% risk of failure)
Press: ? - help, Dir - move target, f - Terence
Aim: Terence, wielding a +0 flail and wearing a +0 ring mail Poisonous vapours surround Terence!
Terence is poisoned.
Terence says, "How do you enjoy it?"
Casting: Poisonous Vapours (dangerous; 24% risk of failure)
Confirm with . or Enter, or press ? or * to list all spells.
The spell is quite dangerous to miscast (24% risk of failure)!
Continue anyway?
You turn into a venomous arachnid creature.
Your +0 robe melds into your body.
Your transformation is almost over.
You barely miss Terence.
Terence is lightly wounded.
Terence says, "Did you write a will?
You should..."
Terence hits you with a +0 flail.
You hit Terence but do no damage.
Terence looks even sicker.
Terence is lightly wounded.
Terence misses you.
You barely miss Terence.
Terence is lightly wounded.
Terence barely misses you.
You completely miss Terence.
Terence is moderately wounded.
Terence hits you with a +0 flail!
You barely miss Terence.
Terence is heavily wounded.
Terence hits you with a +0 flail!
* * * LOW HITPOINT WARNING * * *
Terence attacks as you move away! Terence hits you with a +0 flail.
* * * LOW HITPOINT WARNING * * *
Terence attacks as you move away! Terence misses you.
Terence attacks as you move away! Terence hits you but does no damage.
Your transformation has ended.
Your +0 robe unmelds from your body.
Terence says, "Time to say good-bye..."
Terence attacks as you move away! Terence hits you with a +0 flail.
You die...

.. ..##...........#....#.#.#..
#.##.##..#..###.#.......)#.#.#
#......................#..
###.##........###...####.#
.........##....#.#.#......#
.######........#.#.#..... #
#####.......#.#......
#......###.....####<#
#.........@@.........
#......##.#.#.#.##.
#.....#.....#..>...
##.....##.....#.##
#####.##.....#... #.##..รท..#
### #.##.....# ####.##.....#
#....########


You could see Terence (poisoned).

Vanquished Creatures
  A gnoll (D:1)
  A dart slug (D:1)
  6 endoplasms
  A giant cockroach (D:2)
  A goblin (D:1)
  4 hobgoblins
  A ball python (D:1)
  3 bats
  A frilled lizard (D:1)
  8 kobolds
  5 rats
32 creatures vanquished.

Notes
Turn   | Place    | Note
-------+----------+-------------------------------------------
     0 | D:1      | pecorinoman the Ogre Transmuter began the quest for the
                  | Orb.
     0 | D:1      | Reached XP level 1. HP: 19/19 MP: 3/3
    50 | D:1      | Reached skill level 2 in Transmutations
   156 | D:1      | Found a faded altar of an unknown god.
   161 | D:1      | Reached XP level 2. HP: 27/27 MP: 5/5
   336 | D:1      | Reached skill level 3 in Transmutations
   586 | D:1      | Reached XP level 3. HP: 17/33 MP: 4/6
   590 | D:1      | Learned a level 3 spell: Spider Form
  1772 | D:2      | Learned a level 2 spell: Poisonous Vapours
  1877 | D:2      | Noticed Terence
  1897 | D:2      | Slain by Terence

Illustrated notes

Levels and vault maps discovered:
D:1:      wander_arrival_chamber, layout_basic, ebering_ecumenical_altar_rust,
          wad_floor_pattern_1, minmay_misc_feat_hallway, hangedman_decor_push,
          minmay_misc_feat_nine_boxes
D:2:      layout_basic, interstate_on_off, uniq_terence

Skill      XL: |  1  2 |
---------------+-------+-----
Transmutations | 2 3 |  3.3
Fighting       | |  1.3
Dodging        | |  1.7
Unarmed Combat | |  2.6
Spellcasting   | |  2.4
Poison Magic   | |  0.9

Action                   || total
-------------------------++-------
Melee: Unarmed           ||   111
       Kick              ||    10
       Headbutt          ||     5
       Punch             ||     2
 Cast: Beastly Appendage ||    10
       Spider Form       ||     1
       Poisonous Vapours ||     1
  Use: Potion            ||     1
Armor: Robe              ||    30
       Skin              ||     1
Dodge: Dodged            ||    49
